AoeStats
← Don M´s

MegaRandom

510844239Analyzed
4v4 RM · 22h ago on Oct 2, 2026· 81m 56s· 8 players
Game mode
Random Map
Map size
Large (8 player)
Population
200
Speed
Normal
Resources
Standard
Victory
Conquest
Starting age
Dark Age
Ending age
Imperial Age
RankedLock teamsTeams togetherTeam positionsShared explorationLock speedFull tech treeHidden civsTurbo modeCheats
Victory
Defeat
🇹🇷 Turks · Türkiye
557
+14
🇬🇧 Celts · United Kingdom
556
+14
🇹🇷 Persians · Türkiye
549
+14
🇳🇱 Franks · Netherlands
541
+15
🇨🇴 Khmer · Colombia
537
-15
🇺🇸 Magyars · United States
509
-14
🇦🇷 Celts · Argentina
504
-14
🇹🇷 Gurjaras · Türkiye
494
-14
daXninja
10:39 Feudal Age
17:44 Castle Age
21:55 Man-at-Arms
35:10 Corvinian Army
35:10 Double-Bit Axe
38:03 Horse Collar
40:43 Bow Saw
49:38 Husbandry
49:48 Scale Barding Armor
52:04 Coinage
56:07 Imperial Age
54:16 Wheelbarrow
53:26 Town Watch
55:37 Chain Barding Armor
56:25 Bloodlines
57:04 Elite Magyar Huszar
60:16 Cavalier
67:00 Heavy Plow
gastongtango
7:09 Loom
14:59 Feudal Age
17:01 Wheelbarrow
16:10 Horse Collar
22:34 Double-Bit Axe
23:08 Gold Mining
26:51 Castle Age
28:02 Bow Saw
29:42 Hand Cart
30:29 Gold Shaft Mining
32:48 Caravan
35:52 Forging
35:32 Fletching
35:43 Padded Archer Armor
35:43 Scale Mail Armor
35:49 Scale Barding Armor
35:38 Stone Mining
35:21 Demolition Ship
36:16 Medium Warships
37:07 Coinage
37:16 Stone Shaft Mining
39:08 Chain Mail Armor
39:28 Iron Casting
38:49 Bodkin Arrow
39:09 Leather Archer Armor
38:49 Stronghold
42:12 Chain Barding Armor
44:26 Imperial Age
43:44 Crossbowman
43:44 Elite Skirmisher
43:55 Man-at-Arms
43:56 Pikeman
44:40 Husbandry
44:01 Light Cavalry
45:53 Heavy Mounted Crossbowman
46:25 Arson
50:03 Capped Ram
50:04 Onager
51:14 Murder Holes
51:25 Siege Engineers
51:31 Masonry
51:44 Ballistics
51:37 Heavy Plow
52:10 Conscription
52:47 Heavy Warships
54:08 Elite Woad Raider
54:28 Long Swordsman
60:07 Chemistry
59:14 Town Watch
Don M´s
0:57 Loom
14:27 Feudal Age
16:26 Wheelbarrow
15:55 Double-Bit Axe
16:03 Horse Collar
18:58 Castle Age
21:05 Bloodlines
20:55 Husbandry
21:30 Hand Cart
26:55 Scale Mail Armor
27:04 Scale Barding Armor
27:10 Forging
30:03 Stone Mining
31:59 Chain Barding Armor
31:50 Heavy Plow
31:45 Gold Mining
33:00 Stone Shaft Mining
38:03 Bow Saw
40:28 Imperial Age
38:36 Fletching
39:21 Iron Casting
40:44 Caravan
41:48 Elite Ballista Elephant
42:29 Double Crossbow
42:51 Conscription
48:58 Chemistry
48:19 Ballistics
48:10 Fortified Wall
47:55 Murder Holes
48:06 Siege Engineers
48:11 Masonry
50:23 Bodkin Arrow
51:29 Blast Furnace
53:54 Crop Rotation
Sugarspoon
10:32 Feudal Age
12:57 Wheelbarrow
13:52 Double-Bit Axe
20:54 Fishing Lines
27:48 Castle Age
30:14 Bow Saw
29:58 Stone Mining
29:58 Gold Mining
30:08 Gillnets
32:03 Scale Mail Armor
38:26 Imperial Age
35:43 Town Watch
40:52 Chain Mail Armor
42:58 Stone Shaft Mining
42:58 Gold Shaft Mining
46:56 Plate Mail Armor
46:19 Fletching
46:36 Scale Barding Armor
46:38 Padded Archer Armor
46:48 Forging
47:17 Ballistics
47:11 Masonry
46:53 Guard Tower
47:05 Murder Holes
50:12 Bodkin Arrow
50:56 Iron Casting
50:40 Leather Archer Armor
49:49 Elite Chakram Thrower
53:42 Hand Cart
53:32 Town Patrol
54:14 Hoardings
53:50 Kshatriyas
59:53 Thumb Ring
59:09 Crossbowman
ozturkr 7FFF FFFF
0:46 Loom
12:14 Feudal Age
13:11 Double-Bit Axe
14:04 Wheelbarrow
17:37 Gold Mining
17:38 Stone Mining
17:55 Horse Collar
23:37 Fishing Lines
27:25 Castle Age
28:24 Hand Cart
28:47 Bow Saw
28:43 Heavy Plow
28:33 Arson
29:47 Squires
29:11 Man-at-Arms
30:33 Long Swordsman
31:20 Gillnets
31:20 Demolition Ship
32:04 Padded Archer Armor
31:54 Fletching
33:19 Town Watch
34:35 Leather Archer Armor
34:56 Town Patrol
36:13 Fortified Wall
41:22 Imperial Age
40:54 Gold Shaft Mining
40:44 Sipahi
40:36 Forging
40:31 Scale Barding Armor
40:27 Scale Mail Armor
40:12 Treadmill Crane
40:56 Ballistics
40:44 Husbandry
41:06 Caravan
41:46 Bloodlines
41:50 Bodkin Arrow
43:36 Two-Man Saw
42:11 Elite Janissary
44:20 Elite Cannon Galleon
45:41 Bombard Tower
45:17 Murder Holes
45:33 Masonry
45:10 Arrowslits
45:57 Ring Archer Armor
45:27 Bracer
45:49 Chain Barding Armor
44:51 Heavy Camel Rider
45:33 Artillery
46:31 Medium Warships
47:15 Heavy Demolition Ship
48:27 Shipwright
48:42 Shipwright
48:31 Siphons
49:01 Architecture
49:42 Plate Barding Armor
49:44 Iron Casting
49:27 Capped Ram
51:12 Conscription
51:18 Chain Mail Armor
52:31 Heated Shot
62:28 Blast Furnace
64:51 Plate Mail Armor
70:07 Medium Warships
69:23 Heavy Demolition Ship
gofgof20
1:24 Loom
14:15 Feudal Age
14:53 Town Watch
17:33 Double-Bit Axe
19:33 Wheelbarrow
18:49 Horse Collar
20:27 Stone Mining
20:27 Gold Mining
25:34 Castle Age
24:43 Arson
26:33 Bow Saw
27:09 Pikeman
29:09 Stronghold
31:40 Stone Shaft Mining
31:41 Gold Shaft Mining
32:04 Town Patrol
35:17 Heated Shot
35:38 Masonry
35:29 Murder Holes
38:44 Ballistics
39:27 Hand Cart
41:48 Imperial Age
39:23 Scale Mail Armor
41:10 Heavy Plow
42:15 Forging
41:55 Fletching
42:06 Padded Archer Armor
42:21 Chain Mail Armor
42:12 Scale Barding Armor
43:19 Heavy Scorpion
44:08 Bodkin Arrow
44:49 Iron Casting
44:49 Leather Archer Armor
45:59 Chemistry
46:40 Furor Celtica
46:51 Conscription
47:06 Halberdier
47:37 Arrowslits
48:28 Plate Mail Armor
48:19 Chain Barding Armor
48:18 Sappers
50:10 Ring Archer Armor
53:11 Blast Furnace
52:22 Siege Engineers
57:25 Elite Woad Raider
58:40 Hoardings
volkan.kaya
1:19 Loom
13:12 Feudal Age
13:22 Man-at-Arms
15:34 Wheelbarrow
19:16 Bloodlines
24:07 Arson
25:23 Scale Mail Armor
30:27 Castle Age
33:37 Forging
34:03 Double-Bit Axe
35:47 Chain Mail Armor
36:29 Caravan
36:49 Horse Collar
38:28 Coinage
39:36 Squires
38:57 Pikeman
40:51 Heavy Plow
43:37 Bow Saw
47:13 Imperial Age
44:58 Scale Barding Armor
45:19 Fletching
46:07 Iron Casting
48:49 Chemistry
48:02 Masonry
50:17 Blast Furnace
49:40 Chain Barding Armor
50:57 Stone Mining
51:05 Gold Mining
51:45 Conscription
52:50 Hand Cart
53:11 Fletching
53:22 Padded Archer Armor
53:56 Ballistics
53:15 Light Cavalry
54:38 Hussar
55:20 Husbandry
56:04 Plate Mail Armor
56:56 Gold Shaft Mining
56:56 Stone Shaft Mining
56:20 Heated Shot
57:37 Kamandaran
58:36 Heavy Scorpion
61:05 Cavalier
64:00 Plate Barding Armor
63:41 Leather Archer Armor
63:22 Bodkin Arrow
63:31 Halberdier
66:44 Two-Man Saw
66:50 Savar
70:11 Banking
69:53 Guilds
75:34 Citadels
JesseThebeast67
10:30 Feudal Age
11:48 Wheelbarrow
11:09 Double-Bit Axe
20:55 Castle Age
19:58 Gold Mining
20:13 Stone Mining
22:39 Bow Saw
22:46 Hand Cart
26:08 Gold Shaft Mining
28:15 Caravan
29:10 Light Cavalry
29:50 Husbandry
30:16 Fishing Lines
33:12 Coinage
33:13 Scale Barding Armor
33:20 Forging
33:13 Gillnets
33:14 Loom
38:32 Imperial Age
37:03 Town Watch
38:27 Chain Barding Armor
38:54 Iron Casting
39:12 Town Patrol
38:40 Cavalier
39:17 Ordonnance Companies
40:23 Conscription
41:21 Chivalry
41:52 Elite Throwing Axeman
43:09 Hoardings
43:32 Banking
45:23 Paladin
46:44 Plate Barding Armor
47:11 Blast Furnace
46:12 Padded Archer Armor
46:03 Fletching
46:14 Scale Mail Armor
45:40 Pikeman
46:21 Squires
46:07 Arson
48:32 Fortified Wall
49:23 Chemistry
48:05 Treadmill Crane
48:11 Arrowslits
48:17 Guard Tower
48:48 Ballistics
48:24 Murder Holes
48:40 Masonry
48:36 Siege Engineers
48:56 Halberdier
53:52 Chain Mail Armor
53:53 Leather Archer Armor
53:35 Bodkin Arrow
53:55 Siphons
54:00 Careening
54:02 Clinker Construction
61:14 Cranequins
61:15 Heavy Mounted Crossbowman
75:44 Plate Mail Armor
75:37 Sanctity
75:33 Block Printing
75:44 Illumination
75:21 Devotion
75:32 Fervor
75:18 Herbal Medicine
75:59 Theocracy
75:45 Heresy
74:59 Spies/Treason
Connection lost

Rejoining the realm…

Still unreachable

The connection could not be restored.

Session expired

The server has moved on; the page needs a fresh start.